 Dungeon Crawl Stone Soup version 0.24.0-1-gfbc8707122 (webtiles) character file.

Game seed: 15756860660450548497, levelgen mode: deterministic

219 EWolf27 the Chopper (level 5, -4/47 HPs)
             Began as a Hill Orc Fighter on Oct 25, 2019.
             Slain by an iguana (8 damage)
             ... on level 3 of the Dungeon on Oct 27, 2019.
             The game lasted 00:12:04 (3520 turns).

EWolf27 the Chopper (Hill Orc Fighter)              Turns: 3520, Time: 00:12:05

Health: -4/47      AC:  7    Str: 20    XL:     5   Next: 96%
Magic:  5/5        EV:  7    Int:  8    God:
Gold:   216        SH:  9    Dex: 10    Spells: 4/4 levels left

rFire    . . .     SeeInvis .   a - +0 war axe
rCold    . . .     Gourm    .   c - +0 shield
rNeg     . . .     Faith    .   b - +0 scale mail
rPois    .         Spirit   .   (no helmet)
rElec    .         Reflect  .   (no cloak)
rCorr    .         Harm     .   (no gloves)
MR       .....                  (no boots)
Stlth    ..........             (no amulet)
HPRegen  0.15/turn              (no ring)
MPRegen  0.09/turn              (no ring)

@: no status effects
A: no striking features
a: no special abilities


You were on level 3 of the Dungeon.
You were not hungry.

You visited 1 branch of the dungeon, and saw 4 of its levels.

You collected 216 gold pieces.

Inventory:

Hand Weapons
 a - a +0 war axe (weapon)
 o - a +0 hunting sling
 t - a +2 trident of protection
Missiles
 l - 182 stones (quivered)
Armour
 b - a +0 scale mail (worn)
 c - a +0 shield (worn)
Scrolls
 e - a scroll of enchant armour {unknown}
 i - 2 scrolls of amnesia {unknown}
 j - 5 scrolls of identify {unknown}
 k - 2 scrolls of blinking {unknown}
 q - a scroll of fear {unknown}
 r - a scroll of teleportation {unknown}
 u - 2 scrolls of fog {unknown}
 v - a scroll of remove curse {unknown}
Potions
 d - a potion of might
 g - a potion of haste {unknown}
 h - 3 potions of curing {unknown}
 m - a potion of brilliance {unknown}
 n - a potion of invisibility {unknown}
 p - a potion of mutation {unknown}
 w - a potion of cancellation {unknown}
Comestibles
 f - 7 rations


   Skills:
 + Level 4.7 Fighting
 * Level 5.4 Axes
 + Level 4.2 Armour
 + Level 4.3 Shields


You had 4 spell levels left.
You didn't know any spells.
Your spell library was empty.

Dungeon Overview and Level Annotations

Branches:
Dungeon (4/15)
 Temple: D:4-7

Altars:
Gozag
Hepliaklqana
Kikubaaqudgha


Message History

You hit the iguana but do no damage.
The iguana is moderately wounded.
The iguana bites you but does no damage.
You completely miss the iguana.
The iguana is moderately wounded.
The iguana bites you. You block the iguana's attack.
Your shield and scale mail prevent you from hitting the iguana.
The iguana is moderately wounded.
The iguana bites you.
You hit the iguana but do no damage.
The iguana is moderately wounded.
The iguana bites you!
* * * LOW HITPOINT WARNING * * *
You hit the iguana.
The iguana is heavily wounded.
The iguana bites you but does no damage.
The iguana bites you!
* * * LOW HITPOINT WARNING * * *
The iguana bites you!
You die...

....###########.##### ....#
#........# ....# #........#
....# #........#
....########........#
.....†........#+#####
###.########.##+######### #
#.# #............# # #.#
###..@.......# #.#
######...l......#
###.#####...##..........#
........+...''...>......####
##.####.#>..##........<....#
#..(........###...########.#
#.###.###..## #.#..........#
..# #.# #.## #.#.###....###
..###'###.#####.#.# #....#


You could see an iguana.

Vanquished Creatures
  A black bear (D:3)
  A jelly (D:2)
  An adder (D:3)
  A worm (D:2)
  4 dart slugs
  6 leopard geckos
  2 orcs (D:3)
  8 bats
  3 giant cockroaches
  8 goblins
  10 hobgoblins
  4 ball pythons
  4 frilled lizards
  9 kobolds
  4 rats
66 creatures vanquished.

Notes
Turn   | Place    | Note
-------+----------+-------------------------------------------
     0 | D:1      | EWolf27 the Hill Orc Fighter began the quest for the Orb.
     0 | D:1      | Reached XP level 1. HP: 19/19 MP: 1/1
   215 | D:1      | Reached skill level 3 in Axes
   290 | D:1      | Reached XP level 2. HP: 27/27 MP: 2/2
   735 | D:1      | Reached XP level 3. HP: 33/33 MP: 3/3
  1613 | D:1      | Upgraded the game from 0.24.0 to 0.24.0-1-gfbc8707122
  2043 | D:2      | Found an opulent altar of Gozag.
  2496 | D:2      | Reached skill level 4 in Axes
  2544 | D:2      | Reached XP level 4. HP: 40/40 MP: 4/4
  3223 | D:3      | Found a hazy altar of Hepliaklqana.
  3255 | D:3      | Found an ancient bone altar of Kikubaaqudgha.
  3261 | D:3      | Noticed a black bear
  3268 | D:3      | Killed a black bear
  3268 | D:3      | Reached skill level 5 in Axes
  3268 | D:3      | Reached XP level 5. HP: 33/47 MP: 5/5
  3492 | D:4      | Noticed an ogre
  3520 | D:3      | Slain by an iguana

Levels and vault maps discovered:
D:1:      dpeg_arrival_morbid_curiosity, layout_loops_corners
D:2:      layout_rooms, st_stairs_14, grunt_gozag_statues
D:3:      layout_basic, lemuel_crystal_altar, lemuel_doored_altar, first_ration
D:4:      layout_loops_ring, lemuel_crystal_altar, gammafunk_ghost_arena

Skill      XL: |  1  2  3  4 |
---------------+-------------+-----
Axes           | 3 4 5 |  5.4
Fighting       | 4 |  4.7
Shields        | 4 |  4.3
Armour         | 4 |  4.2

Action                   |  1- 3 |  4- 6 || total
-------------------------+-------+-------++-------
Melee: War axe           |   137 |    71 ||   208
  Eat: Chunk             |     2 |     3 ||     5
       Ration            |     1 |       ||     1
Armor: Scale mail        |    64 |    43 ||   107
Dodge: Dodged            |    78 |    37 ||   115
Block: Shield            |   100 |    50 ||   150
